 Dungeon Crawl Stone Soup version 0.20.1-1-g8b1a95d (webtiles) character file.

31521 Dawnplanks the Blocker (level 13, -4/169 HPs)
             Began as a Minotaur Fighter on Nov 26, 2017.
             Was an Elder of the Shining One.
             Hit by a javelin thrown by a merfolk javelineer (22 damage)
             ... on level 2 of the Shoals on Nov 27, 2017.
             The game lasted 01:48:20 (15192 turns).

Dawnplanks the Blocker (Minotaur Fighter)          Turns: 15192, Time: 01:48:21

Health: -4/169     AC: 14    Str: 29    XL:     13   Next: 26%
Magic:  14/14      EV: 20    Int:  5    God:    the Shining One [****..]
Gold:   847        SH: 18    Dex: 17    Spells: 12/13 levels left

rFire    . . .     SeeInvis .   U - +3 morningstar (freeze)
rCold    . . .     Gourm    .   c - +0 shield
rNeg     + + .     Faith    .   A - +2 scale mail of the Invisible Hand {*Contam rElec rPois Dex+3}
rPois    +         Spirit   .   H - +2 hat
rElec    +         Reflect  .   (no cloak)
rCorr    .         Harm     .   R - +0 pair of gloves
MR       +....                  (no boots)
Stlth    ..........             (no amulet)
Regen    0.4/turn               M - +6 ring of evasion
MPRegen  0.2/turn               r - ring of protection from magic

@: berserking, glowing, very quick
A: retaliatory headbutt, horns 2, large bone plates 1, agile 1, high mp 1
a: Divine Shield, Cleansing Flame, Renounce Religion


You were on level 2 of the Shoals.
You worshipped the Shining One.
The Shining One was greatly pleased with you.
You were not hungry.

You visited 4 branches of the dungeon, and saw 15 of its levels.

You collected 847 gold pieces.

Inventory:

Hand Weapons
 m - a +1 demon trident of flaming
 t - a +2 dagger of electrocution
 J - a +1 trident of protection
 P - a +0 trident of venom
 U - a +3 morningstar of freezing (weapon)
Missiles
 i - 201 stones (quivered)
 F - 5 tomahawks
Armour
 c - a +0 shield (worn)
 A - the +2 scale mail of the Invisible Hand (worn) {*Contam rElec rPois Dex+3}
   (You found it on level 10 of the Dungeon)

   It affects your dexterity (+3).
   It insulates you from electricity.
   It protects you from poison.
   It causes magical contamination when unequipped.
 H - a +2 hat (worn)
 R - a +0 pair of gloves (worn)
Jewellery
 g - an uncursed ring of protection from cold
 r - a ring of protection from magic (right hand)
 w - an uncursed ring of resist corrosion
 M - a +6 ring of evasion (left hand)
Wands
 l - a wand of polymorph (17/24)
 v - a wand of confusion (24/48)
 B - a wand of polymorph (15/24)
 G - a wand of disintegration (12/24)
 Q - a wand of lightning (8/15)
 T - a wand of flame (32/48)
Scrolls
 a - a scroll of vulnerability {unknown}
 b - a scroll of blinking
 k - 3 scrolls of teleportation
 o - 2 scrolls of enchant weapon
 p - 3 scrolls of fear
 q - a scroll of magic mapping
 s - a scroll of immolation
 y - a scroll of identify
 D - 5 scrolls of remove curse
 X - 4 scrolls of fog
Potions
 d - 3 potions of might
 e - 2 potions of berserk rage
 n - 2 potions of haste
 u - 2 potions of brilliance
 x - 6 potions of ambrosia
 C - a potion of heal wounds
 E - 2 potions of lignification
 I - 2 potions of agility
 L - 3 potions of curing
 Y - 2 potions of flight
Books
 N - a book of Cantrips

   Spells                             Type                      Level
   a - Confusing Touch                Hexes                        1
   b - Animate Skeleton               Necromancy                   1
   c - Summon Small Mammal            Summoning                    1
   d - Apportation                    Translocation                1
Miscellaneous
 z - a phial of floods
Comestibles
 f - 4 bread rations
 h - 5 meat rations
 j - 7 royal jellies
 S - 46 fruits


   Skills:
 + Level 9.8 Fighting
 + Level 7.5(8.3) Short Blades
   Level 5.7(7.8) Long Blades
 + Level 12.3 Maces & Flails
 + Level 6.2 Throwing
 + Level 11.5 Armour
 + Level 6.2 Dodging
 + Level 3.3 Stealth
 + Level 13.0 Shields
 + Level 0.6 Spellcasting
 + Level 0.4 Transmutations


You had 12 spell levels left.
You knew the following spells:

 Your Spells              Type           Power        Failure   Level  Hunger
a - Beastly Appendage     Tmut           #.....       71%         1    ##.....


Dungeon Overview and Level Annotations

Branches:
Dungeon (10/15)            Temple (1/1) D:5            Lair (2/6) D:9
 Shoals (2/4) Lair:2
  Snake: Lair:2-4    Spider: Lair:2-4       Orc: D:9-12

Altars:
Ashenzari
Elyvilon
Fedhas
Gozag
Hepliaklqana
Kikubaaqudgha
Qazlal
Ru
Sif Muna
Trog
Uskayaw
Vehumet
Xom
Yredelemnul
The Shining One

Shops:
D:9 ?!


Innate Abilities, Weirdness & Mutations

You reflexively headbutt those who attack you in melee.
You have a pair of horns on your head.
You are partially covered in large bone plates. (SH +4)
You are agile. (Dex +2)
You have an increased reservoir of magic. (+10% MP)


Message History

The merfolk javelineer throws a javelin.
The javelin misses you.
You hear a splash.
You impale the alligator snapping turtle!!
The alligator snapping turtle seems to slow down.
You freeze the alligator snapping turtle.
You kill the alligator snapping turtle!
You block the merfolk's attack.
You see here an alligator snapping turtle corpse.
You bludgeon the merfolk!! You freeze the merfolk!
The merfolk is heavily wounded.
You block the merfolk's attack.
The merfolk javelineer throws a javelin.
You block the javelin.
You bludgeon the merfolk!! You freeze the merfolk!
You kill the merfolk!
Your Shields skill increases to level 13!
The merfolk javelineer throws a javelin.
The javelin hits you!!
You die...

####(≈≈≈≈≈≈≈≈≈≈≈≈≈≈≈≈≈≈≈≈≈......≈
...(.≈≈≈..≈≈≈≈≈≈≈≈≈≈≈≈≈≈≈≈..###.≈
.≈..≈≈≈≈≈≈≈≈≈≈≈≈≈≈≈≈≈≈≈≈.≈.## ##.
.m≈≈≈≈≈≈≈≈≈≈≈≈≈≈≈≈≈≈≈≈≈≈...######
≈≈≈≈≈≈≈≈≈≈≈≈≈≈≈≈≈≈≈≈≈≈≈≈≈.....###
≈≈≈.≈≈≈≈≈≈≈≈≈≈≈≈≈≈≈(≈≈≈≈.........
≈≈≈≈≈≈≈≈≈≈≈≈....)≈≈≈≈≈≈.)...(.≈≈)
≈≈≈≈≈≈≈≈≈≈≈..###(.≈≈≈≈≈..#...≈≈≈≈
≈≈≈≈≈≈≈≈≈≈≈.## #@.≈≈≈≈..###...≈≈≈
≈≈≈≈≈≈..####..≈≈...####...≈≈≈
≈≈≈≈≈≈..##..≈....###......≈≈≈
m≈≈≈≈..#....≈...####)≈≈..≈≈≈≈
≈≈≈≈..###.m.....###..≈≈.≈≈≈≈≈
≈≈≈..# #.......##..(≈≈≈≈≈≈≈≈
≈≈.## #.....≈.....[.≈≈≈≈≈≈≈ ..#
........###....≈≈≈≈≈≈≈
>........##...≈≈≈≈≈≈≈≈


You could see a merfolk javelineer.

Vanquished Creatures
  3 merfolk impalers
  An alligator snapping turtle (Shoals:2)
  A merfolk avatar (Shoals:1)
  The ghost of BigFatTexta the Severer, a novice MiBe of Trog (Lair:1)
  5 two-headed ogres
  4 sea snakes
  Pikel (D:7)
  A deep elf mage (D:8)
  A faun (Shoals:2)
  4 manticores
  2 water nymphs (Shoals:2)
  11 merfolk sirens
  5 spiny frogs
  A komodo dragon (Lair:1)
  4 merfolk
  A wind drake (Shoals:2)
  Prince Ribbit (D:7)
  A hornet (Lair:1)
  3 blink frogs (Lair:2)
  4 hippogriffs
  2 snapping turtles
  A spriggan (Lair:1)
  A water elemental (Shoals:1)
  A wyvern (D:8)
  A yak (Lair:2)
  A steam dragon (D:9)
  2 hell hounds (D:9)
  A water moccasin (Lair:1)
  10 porcupines
  4 slaves (D:7)
  4 orc warriors
  3 ice beasts
  A sky beast (D:7)
  3 phantoms
  An eye of draining (D:8)
  41 wolves
  2 centaurs
  2 ogres
  A big kobold (D:8)
  2 crocodiles
  7 bullfrogs
  4 scorpions
  A water moccasin skeleton (D:7)
  12 killer bees
  7 wights
  4 howler monkeys
  A bullfrog zombie (D:5)
  3 hounds
  2 centaur zombies
  3 jellies (D:9)
  3 gnoll shamans
  3 orc priests
  7 orc wizards
  2 bullfrog skeletons
  3 centaur skeletons
  2 iguanas
  5 worker ants
  2 hound skeletons
  A howler monkey zombie (D:8)
  16 adders
  11 gnolls
  An ooze (D:5)
  6 worms
  4 dart slugs
  4 leopard geckos
  34 orcs
  14 bats
  4 giant cockroaches
  11 goblins
  3 hobgoblins
  10 jackals
  2 quokkas
  3 ball pythons
  4 frilled lizards
  8 kobolds
  A quokka skeleton (D:5)
  8 rats
  A plant (Lair:2)
356 creatures vanquished.

Vanquished Creatures (others)
  A fungus (Lair:1)
  14 plants (Shoals:2)
15 creatures vanquished.

Grand Total: 371 creatures vanquished

Notes
Turn   | Place    | Note
-------+----------+-------------------------------------------
     0 | D:1      | Dawnplanks the Minotaur Fighter began the quest for the Orb.
     0 | D:1      | Reached XP level 1. HP: 19/19 MP: 0/0
   180 | D:1      | Reached XP level 2. HP: 24/27 MP: 1/1
   836 | D:1      | Reached XP level 3. HP: 33/33 MP: 2/2
   999 | D:2      | Reached skill level 4 in Shields
  1287 | D:2      | Reached XP level 4. HP: 34/40 MP: 3/3
  1374 | D:2      | Reached skill level 1 in Dodging
  1764 | D:3      | Found a radiant altar of Vehumet.
  1919 | D:3      | Noticed a phantom
  1963 | D:3      | Killed a phantom
  1963 | D:3      | Reached XP level 5. HP: 29/46 MP: 4/4
  2120 | D:3      | Reached skill level 5 in Long Blades
  2125 | D:3      | Reached skill level 5 in Armour
  2200 | D:3      | Reached XP level 6. HP: 47/53 MP: 5/5
  2439 | D:3      | Found a faded altar of an unknown god.
  2450 | D:3      | Became a worshipper of Sif Muna the Loreminder
  2450 | D:3      | Reached * piety under Sif Muna
  2451 | D:3      | Fell from the grace of Sif Muna
  2572 | D:3      | Found a hazy altar of Hepliaklqana.
  2988 | D:4      | Reached skill level 5 in Shields
  3289 | D:4      | Reached skill level 1 in Short Blades
  3563 | D:5      | Entered Level 5 of the Dungeon
  3594 | D:5      | Found a blossoming altar of Fedhas.
  3594 | D:5      | Found a deep blue altar of Sif Muna.
  3599 | D:5      | Found a faded altar of an unknown god.
  3604 | D:5      | Found a sacrificial altar of Ru.
  3606 | D:5      | Found a faded altar of an unknown god.
  3669 | D:5      | Reached XP level 7. HP: 56/60 MP: 6/6
  4016 | D:5      | Reached skill level 5 in Fighting
  4327 | D:5      | Found a staircase to the Ecumenical Temple.
  4337 | Temple   | Entered the Ecumenical Temple
  4453 | Temple   | Became a worshipper of the Shining One
  4503 | D:5      | Reached skill level 1 in Stealth
  4503 | D:5      | Reached skill level 6 in Shields
  4669 | D:5      | Reached skill level 1 in Throwing
  4669 | D:5      | Reached XP level 8. HP: 25/68 MP: 7/7
  5189 | D:6      | Found a sacrificial altar of Ru.
  5856 | D:6      | Learned a level 1 spell: Beastly Appendage
  6009 | D:7      | Noticed Pikel
  6047 | D:7      | Killed Pikel
  6431 | D:7      | Found a shimmering altar of Xom.
  6485 | D:7      | Reached skill level 5 in Short Blades
  6485 | D:7      | Reached XP level 9. HP: 74/74 MP: 8/8
  6641 | D:7      | Reached * piety under the Shining One
  6828 | D:7      | Noticed Prince Ribbit
  6844 | D:7      | Killed Prince Ribbit
  6844 | D:7      | Reached skill level 7 in Shields
  7214 | D:8      | Noticed a two-headed ogre
  7233 | D:8      | Killed a two-headed ogre
  7554 | D:8      | Reached skill level 8 in Shields
  7651 | D:8      | Noticed a deep elf mage
  7764 | D:8      | Killed a deep elf mage
  7764 | D:8      | Reached XP level 10. HP: 37/84 MP: 9/9
  7991 | D:8      | Found a basalt altar of Yredelemnul.
  8096 | D:8      | Reached ** piety under the Shining One
  8097 | D:8      | Noticed a two-headed ogre
  8106 | D:8      | Killed a two-headed ogre
  8496 | D:8      | Was forgiven by Sif Muna
  8613 | D:9      | Found a staircase to the Lair.
  8943 | D:8      | Reached skill level 10 in Armour
  9141 | D:8      | Reached skill level 1 in Maces & Flails
  9146 | D:8      | Reached skill level 9 in Shields
  9263 | D:8      | Noticed a two-headed ogre
  9273 | D:8      | Killed a two-headed ogre
  9724 | D:9      | Found Dicwurel's Distillery.
  9830 | D:9      | Noticed a two-headed ogre
  9839 | D:9      | Killed a two-headed ogre
  9839 | D:9      | Reached skill level 5 in Maces & Flails
  9839 | D:9      | Reached XP level 11. HP: 59/92 MP: 10/10
  9852 | D:9      | Found Poxaotusa's Magic Scroll Emporium.
 10019 | D:9      | Found a basalt altar of Yredelemnul.
 10038 | D:9      | Gained mutation: You have an increased reservoir of magic. (+10% MP) [potion of mutation]
 10038 | D:9      | Gained mutation: You are partially covered in large bone plates. (SH +4) [potion of mutation]
 10038 | D:9      | Gained mutation: You are agile. (Dex +2) [potion of mutation]
 10046 | D:9      | Found a stormy altar of Qazlal.
 10196 | D:9      | Noticed a two-headed ogre
 10206 | D:9      | Killed a two-headed ogre
 10566 | D:10     | Entered Level 10 of the Dungeon
 10605 | D:10     | Got a translucent scale mail
 10616 | D:10     | Identified the +2 scale mail of the Invisible Hand {*Contam rElec rPois Dex+3} (You found it on level 10 of the Dungeon)
 10667 | Lair:1   | Entered Level 1 of the Lair of Beasts
 10966 | Lair:1   | Reached skill level 10 in Shields
 10997 | Lair:1   | Reached skill level 5 in Dodging
 11032 | Lair:1   | Reached *** piety under the Shining One
 11408 | Lair:1   | Noticed BigFatTexta's ghost (novice MiBe)
 11432 | Lair:1   | Killed BigFatTexta's ghost
 11432 | Lair:1   | Reached skill level 11 in Shields
 11519 | Lair:1   | Noticed a spriggan rider
 11953 | Lair:2   | Reached XP level 12. HP: 88/101 MP: 13/13
 12639 | Lair:2   | Reached skill level 10 in Maces & Flails
 12703 | Lair:2   | Found a staircase to the Shoals.
 13112 | Shoals:1 | Entered Level 1 of the Shoals
 13162 | Shoals:1 | Reached skill level 5 in Throwing
 13162 | Shoals:1 | Reached skill level 12 in Shields
 13194 | Shoals:1 | Noticed a merfolk impaler
 13205 | Shoals:1 | Killed a merfolk impaler
 13221 | Shoals:1 | Noticed a merfolk avatar
 13247 | Shoals:1 | Killed a merfolk avatar
 14140 | Shoals:2 | Noticed a satyr
 14144 | Shoals:2 | Noticed a merfolk javelineer
 14149 | Shoals:2 | Noticed a merfolk impaler
 14160 | Shoals:2 | The Shining One protects you from harm!
 14162 | Shoals:2 | Killed a merfolk impaler
 14162 | Shoals:2 | Reached XP level 13. HP: 7/111 MP: 14/14
 14993 | Shoals:2 | Noticed a merfolk impaler
 15017 | Shoals:2 | Killed a merfolk impaler
 15165 | Shoals:2 | Reached **** piety under the Shining One
 15191 | Shoals:2 | Reached skill level 13 in Shields
 15192 | Shoals:2 | Hit by a javelin thrown by a merfolk javelineer

Skill      XL: |  1  2  3  4  5  6  7  8  9 10 11 12 13 |
---------------+----------------------------------------+-----
Armour         | 4 5 6 8 9 10 11 | 11.5
Long Blades    | 3 4 5 |  5.7
Fighting       | 4 5 6 7 8 9 |  9.8
Shields        | 4 5 6 8 9 11 12 13 | 13.0
Dodging        | 1 2 3 4 5 6 |  6.2
Short Blades   | 1 3 5 6 7 |  7.5
Stealth        | 1 2 3 |  3.3
Throwing       | 1 3 4 6 |  6.2
Maces & Flails | 5 9 12 | 12.3
Spellcasting   | |  0.6
Transmutations | |  0.4

Action                   |  1- 3 |  4- 6 |  7- 9 | 10-12 | 13-15 || total
-------------------------+-------+-------+-------+-------+-------++-------
Melee: Long sword        |   107 |   103 |       |       |       ||   210
       Headbutt          |     7 |    32 |    55 |   135 |    17 ||   246
       Dagger            |       |    73 |   290 |    67 |       ||   430
       Morningstar       |       |       |       |   505 |    70 ||   575
Throw: Stone             |       |     9 |    45 |   210 |       ||   264
Invok: Renounce Religion |       |     1 |       |       |       ||     1
  Use: Scroll            |       |    10 |     2 |     9 |       ||    21
       Potion            |       |     3 |     1 |     8 |     1 ||    13
 Stab: Invisible         |       |     2 |       |       |       ||     2
  Eat: Chunk             |     1 |     6 |     9 |    16 |       ||    32
       Fruit             |       |     1 |       |     6 |       ||     7
       Bread ration      |       |       |     1 |       |     1 ||     2
Armor: Scale mail        |    51 |    30 |    42 |    37 |     4 ||   164
       Plate armour      |       |       |     3 |    87 |       ||    90
Dodge: Dodged            |    25 |    39 |    65 |   309 |    24 ||   462
Block: Shield            |    60 |    90 |    79 |   492 |    53 ||   774
       Rpst.: Long sword |     5 |     4 |       |       |       ||     9
